 Dungeon Sprint DCSS version 0.27.1-33-g824d729ab1 (webtiles) character file.

Game seed: 8512991350853608599

25 Adenis the Ruffian (level 2, -27/29 HPs)
             Began as a Troll Berserker on Dec 3, 2021.
             Was a Follower of Trog.
             Annihilated by an ogre (29 damage)
             ... in the Dungeon (Sprint I: "Red Sonja").
             The game lasted 00:01:22 (37 turns).

Adenis the Ruffian (Troll Berserker)                  Turns: 37, Time: 00:01:23

Health: -27/29     AC:  4    Str: 24    XL:     2   Next: 82%
Magic:  1/1        EV: 10    Int:  3    God:    Trog [*.....]
Gold:   0          SH:  0    Dex:  9    Spells: 1/1 levels left

rFire    . . .     SeeInvis .   i - +4 dagger
rCold    . . .     Faith    .   (no shield)
rNeg     . . .     Spirit   .   a - +0 animal skin
rPois    .         Reflect  .   (helmet restricted)
rElec    .         Harm     .   (no cloak)
rCorr    .         Rampage  .   (gloves unavailable)
Will     .....     NoTele   +   (boots unavailable)
Stlth    ++........             (no amulet)
HPRegen  1.09/turn              (no ring)
MPRegen  0.07/turn              (no ring)

@: no status effects
A: large, unfitting armour, claws 3, regeneration 1, shaggy fur 1, tough skin 1
a: Renounce Religion, Berserk


You were in the Dungeon.
You worshipped Trog.
Trog was aware of your devotion.
You visited 1 branch

Inventory:

Hand Weapons
 i - a +4 dagger (weapon)
Armour
 a - a +0 animal skin (worn)
Wands
 h - a wand of digging (4)
Scrolls
 g - a scroll of blinking
Potions
 b - a potion of curing
 c - a potion of heal wounds
 d - a potion of haste
 e - 2 potions of magic
 f - a potion of berserk rage


   Skills:
 - Level 2.4 Fighting
 - Level 0.3(0.5) Short Blades
 - Level 0.3(0.5) Long Blades
 - Level 0.3(0.7) Axes
 - Level 0.7(1.0) Maces & Flails
 - Level 0.3(0.6) Polearms
 - Level 0.3(0.7) Staves
 - Level 0.2(0.3) Slings
 - Level 0.1 Bows
 - Level 0.1 Crossbows
 - Level 0.3(0.5) Throwing
 - Level 2.4 Dodging
 * Level 2.7 Stealth
 - Level 0.2 Shields
 - Level 3.0 Unarmed Combat
 - Level 0.2 Invocations
 - Level 0.3 Evocations


You had one spell level left.
You didn't know any spells.
Your spell library was empty.

Dungeon Overview and Level Annotations

Branches:
Dungeon (1/1)

Altars:


Innate Abilities, Weirdness & Mutations

You are too large for most types of armour.
You have claws for hands.
Your natural rate of healing is unusually fast.
You are covered in fur. (AC +1)
You have tough skin. (AC +1)


Message History

Ijyb is severely wounded.
Ijyb barely misses you.
You barely miss Ijyb.
Ijyb is severely wounded.
Ijyb screams, "It's all mine!"
Ijyb hits you with a +4 dagger.
You barely miss Ijyb. Your claw misses Ijyb.
Ijyb is severely wounded.
Ijyb hits you with a +4 dagger.
You claw Ijyb!
You kill Ijyb!
Trog accepts your kill.
Your Stealth skill gained 2 levels and is now at level 2!
You have reached level 2!
h - a wand of digging (4)
Things that are here:
a +4 dagger; a +0 ring mail
There is an open door, spattered with blood here.
There is an open door, spattered with blood here.
Things that are here:
a +4 dagger; a +0 ring mail
i - a +4 dagger
i - a +4 dagger (weapon)
There is an open door, spattered with blood here.
You see here a +0 ring mail.
You open the door.
An ogre comes into view. It is wielding a +0 giant club.
The ogre hits you with a +0 giant club!
You hit the ogre.
The ogre is lightly wounded.
You puncture the ogre!
The ogre is moderately wounded.
The ogre hits you with a +0 giant club!!
Ouch! That really hurt!
* * * LOW HITPOINT WARNING * * *
You hit the ogre.
The ogre is heavily wounded.
The ogre hits you with a +0 giant club!!
Ouch! That really hurt!
You die...

##########
#<.#..O..#
#..'[@#..+
#..#### +#
#..# #..#
#..# #⌠⌠#
####


You could see an ogre.

Vanquished Creatures
  Ijyb (D)
1 creature vanquished.

Notes
Turn   | Place    | Note
-------+----------+-------------------------------------------
     0 | D        | Adenis the Troll Berserker began the quest for the Orb.
     0 | D        | Reached XP level 1. HP: 22/22 MP: 0/0
     2 | D        | Noticed Ijyb
    16 | D        | Killed Ijyb
    17 | D        | Reached XP level 2. HP: 19/29 MP: 1/1
    33 | D        | Noticed an ogre
    36 | D        | HP: 1/29 [ogre (22)]
    37 | D        | Annihilated by an ogre

Illustrated notes

Levels and vault maps discovered:
D:        dungeon_sprint_1 [red_sonja_temple_1, red_sonja_temple_small_1]

Skill      XL: |  1 |
---------------+----+-----
Stealth        | 2 |  2.7
Fighting       | |  2.4
Short Blades   | |  0.3
Long Blades    | |  0.3
Axes           | |  0.3
Maces & Flails | |  0.7
Polearms       | |  0.3
Staves         | |  0.3
Slings         | |  0.2
Bows           | |  0.1
Crossbows      | |  0.1
Throwing       | |  0.3
Dodging        | |  2.4
Shields        | |  0.2
Unarmed Combat | |  3.0
Invocations    | |  0.2
Evocations     | |  0.3

Action                   || total
-------------------------++-------
Melee: Unarmed           ||    13
       Dagger            ||     3
Dodge: Dodged            ||     4
